 Dungeon Crawl Stone Soup version 0.22-a0-447-gee5f723 (webtiles) character file.

361 nikopol the Firebug (level 6, -5/33 HPs)
             Began as a Deep Elf Fire Elementalist on June 3, 2018.
             Killed by divine providence
             ... invoked by an orc priest
              (12 damage)
             ... on level 4 of the Dungeon.
             The game lasted 00:09:37 (3618 turns).

nikopol the Firebug (Deep Elf Fire Elementalist)    Turns: 3618, Time: 00:09:38

Health: -5/33      AC:  2    Str:  5    XL:     6   Next: 38%
Magic:  10/15      EV: 13    Int: 22    God:
Gold:   232        SH:  0    Dex: 15    Spells: 4/14 levels left

rFire    . . .     SeeInvis .   l - +0 short sword (venom)
rCold    . . .     Gourm    .   (no shield)
rNeg     . . .     Faith    .   a - +0 robe
rPois    .         Spirit   .   (no helmet)
rElec    .         Reflect  .   (no cloak)
rCorr    .         Harm     .   (no gloves)
MR       .....                  (no boots)
Stlth    ++........             (no amulet)
HPRegen  0.11/turn              (no ring)
MPRegen  0.14/turn              (no ring)

@: very slightly contaminated
A: no striking features
a: no special abilities


You were on level 4 of the Dungeon.
You were not hungry.

You visited 1 branch of the dungeon, and saw 4 of its levels.

You collected 232 gold pieces.

Inventory:

Hand Weapons
 l - a +0 short sword of venom (weapon)
Armour
 a - a +0 robe (worn)
Wands
 k - a wand of paralysis (6)
Scrolls
 b - a scroll of enchant armour {unknown}
 f - 6 scrolls of identify
 i - a scroll of noise {unknown}
 m - a scroll of teleportation {unknown}
Potions
 d - a potion of heal wounds {unknown}
 e - a potion of invisibility
 g - a potion of resistance {unknown}
 h - a potion of curing {unknown}
 j - a potion of degeneration {unknown}
Comestibles
 c - 6 rations


   Skills:
 + Level 0.5 Fighting
 + Level 2.9 Dodging
 + Level 3.3 Stealth
 + Level 4.8 Spellcasting
 + Level 3.7 Conjurations
 + Level 5.5 Fire Magic


You had 4 spell levels left.
You knew the following spells:

 Your Spells              Type           Power        Failure   Level  Hunger
a - Flame Tongue          Conj/Fire      ####.        1%          1    None
b - Throw Flame           Conj/Fire      ####..       2%          2    None
c - Conjure Flame         Conj/Fire      ####....     4%          3    ##.....
d - Sticky Flame          Conj/Fire      ####....     16%         4    ####...

Your spell library contained the following spells:

 Spells                   Type           Power        Failure   Level  Hunger
 Fireball                 Conj/Fire      ####......   38%         5    #####..
 Inner Flame              Hex/Fire       ###.....     10%         3    ##.....


Dungeon Overview and Level Annotations

Branches:
Dungeon (4/15)
 Temple: D:4-7

Altars:
Nemelex Xobeh

Annotations:
D:4 crawlian's ghost, amateur OpTm


Message History

Press: ? - help, Shift-Dir - straight line, f/p - orc wizard
Aim: an orc wizard, wielding a dagger and wearing a robe (almost dead)
The flame tongue misses the orc wizard.
The flame tongue hits the worm.
The worm is severely wounded.
The orc priest shouts!
You hear a shout!
The orc wizard gestures wildly while chanting.
The orc wizard seems to speed up.
The orc priest invokes the aid of Beogh against you.
Beogh smites you!
* * * LOW HITPOINT WARNING * * *
Casting: Flame Tongue (safe; 1% risk of failure)
Confirm with . or Enter, or press ? or * to list all spells.
Aiming: Flame Tongue (safe; 1% risk of failure)
Press: ? - help, Shift-Dir - straight line, f/p - orc wizard
Aim: an orc wizard, wielding a dagger and wearing a robe (almost dead, fast)
The flame tongue hits the orc wizard.
You kill the orc wizard!
The orc priest calls down the wrath of Beogh upon you.
Beogh smites you!
You die...

......# #.#
#..)# #.# #.#.#
......# #.#
##..# #.# #.#.#
......###.# #..#
#.# #.#.#
..........# #..#
#.# #.#.#
......#####
##.####.######.#
........#
#.............#
........#
#..###.########
#####...# ##.#
#... #...#
#@###..... #...#
#..##.......
#<..#
##w##...S..(
#...#
#..#.######
#...# ##o#..
#...# #.s......
#...# ##......$
o.o...? .......


You could see a worm, an orc priest, 2 orcs and a giant cockroach.

Vanquished Creatures
  An ogre (D:4)
  A hound (D:4)
  2 orc wizards (D:4)
  A bullfrog skeleton (D:4)
  A centaur skeleton (D:4)
  4 adders
  3 gnolls (D:3)
  An ooze (D:3)
  An adder skeleton (D:4)
  3 dart slugs
  3 orcs
  2 giant cockroaches
  6 goblins
  5 hobgoblins
  8 jackals
  A quokka (D:3)
  4 bats
  3 frilled lizards
  6 kobolds
  3 rats
59 creatures vanquished.

Notes
Turn   | Place    | Note
-------+----------+-------------------------------------------
     0 | D:1      | nikopol the Deep Elf Fire Elementalist began the quest for the Orb.
     0 | D:1      | Reached XP level 1. HP: 10/10 MP: 6/6
   354 | D:1      | Reached XP level 2. HP: 15/15 MP: 4/8
  1119 | D:2      | Reached XP level 3. HP: 10/20 MP: 3/9
  1145 | D:2      | HP: 1/20 [poisoned by an adder]
  1494 | D:2      | Reached skill level 4 in Fire Magic
  1926 | D:3      | Reached XP level 4. HP: 24/24 MP: 6/11
  1967 | D:3      | Learned a level 2 spell: Throw Flame
  1971 | D:3      | Learned a level 3 spell: Conjure Flame
  1976 | D:3      | Learned a level 4 spell: Sticky Flame
  1988 | D:3      | Found a sparkling altar of Nemelex Xobeh.
  2956 | D:4      | Noticed an ogre
  3069 | D:4      | Reached XP level 5. HP: 19/28 MP: 8/12
  3309 | D:4      | Reached skill level 5 in Fire Magic
  3338 | D:4      | Noticed crawlian's ghost (amateur OpTm)
  3343 | D:4      | Killed an ogre
  3343 | D:4      | Reached XP level 6. HP: 33/33 MP: 1/15
  3618 | D:4      | Killed from afar by an orc priest

Vault maps used:
D:1:      lightli_arrival_chessboard
D:3:      nemelex_lonely_heart_becter
D:4:      nicolae_overflow_hidden_temple

Skill      XL: |  1  2  3  4  5 |
---------------+----------------+-----
Fire Magic     | 4 5 |  5.5
Stealth        | 3 |  3.3
Conjurations   | 3 |  3.7
Spellcasting   | 4 |  4.8
Fighting       | |  0.5
Dodging        | |  2.9

Action                   |  1- 3 |  4- 6 || total
-------------------------+-------+-------++-------
 Cast: Flame Tongue      |    60 |    75 ||   135
       Conjure Flame     |       |     3 ||     3
       Sticky Flame      |       |     2 ||     2
       Throw Flame       |       |     1 ||     1
  Use: Scroll            |     3 |       ||     3
  Eat: Chunk             |     3 |     5 ||     8
Armor: Robe              |     9 |     3 ||    12
Dodge: Dodged            |    15 |    11 ||    26

Table legend:
 A = Spawn XP
 B = Non-spawn XP
 C = Spawn XP percentage of total XP
 D = Spawn monster count
 E = Non-spawn monster count
 F = Spawn count percentage of total count
 G = Total turns spent on level
                    A         B        C        D         E        F      G
               +---------+---------+-------+---------+---------+-------+---------
         Total |       0 |     517 |   0.0 |       0 |      59 |   0.0 |  3618
               +---------+---------+-------+---------+---------+-------+---------
           D:1 |       0 |      27 |   0.0 |       0 |      15 |   0.0 |   960
           D:2 |       0 |      30 |   0.0 |       0 |      10 |   0.0 |   945
           D:3 |       0 |     111 |   0.0 |       0 |      20 |   0.0 |  1208
           D:4 |       0 |     349 |   0.0 |       0 |      14 |   0.0 |   505
               +---------+---------+-------+---------+---------+-------+---------
